 Dungeon Crawl Stone Soup version 0.29.1-15-g9cfb28693d (webtiles) character file.

Game seed: 12319251004226783183

11 Heoruswealwe the Caller (level 2, 0/15 HPs)
             Began as a Deep Elf Summoner on Feb 21, 2023.
             Was a Follower of Qazlal.
             Slain by a gnoll
             ... wielding a +0 spear
              (5 damage)
             ... on level 1 of the Dungeon.
             The game lasted 00:08:51 (2176 turns).

Heoruswealwe the Caller (Deep Elf Summoner)         Turns: 2176, Time: 00:08:51

Health: 0/15       AC:  2    Str:  5    XL:     2   Next: 13%
Magic:  4/8        EV: 12    Int: 19    God:    Qazlal [*.....]
Gold:   12         SH:  1    Dex: 15    Spells: 7/8 levels left

rFire   . . .      SeeInvis .   c - +0 dagger
rCold   . . .      Faith    .   (no shield)
rNeg    . . .      Spirit   .   a - +0 robe
rPois   .          Reflect  .   (no helmet)
rElec   .          Harm     .   (no cloak)
rCorr   .          Rampage  .   (no gloves)
Will    .....                   (no boots)
Stlth   ++........              (no amulet)
HPRegen 0.05/turn               (no ring)
MPRegen 0.11/turn               (no ring)

@: no status effects
A: no striking features
a: Renounce Religion


You were on level 1 of the Dungeon.
You worshipped Qazlal.
Qazlal was aware of your devotion.
You visited 1 branch of the dungeon, and saw 1 of its levels.

You collected 12 gold pieces.

Inventory:

Hand Weapons
 c - a +0 dagger (weapon)
 e - a +0 dagger
Missiles
 f - 5 stones
Armour
 a - a +0 robe (worn)
Scrolls
 d - a scroll of identify {unknown}
 g - 2 scrolls of fear {unknown}
Potions
 b - a potion of magic
 h - a potion of might {unknown}


   Skills:
 - Level 2.4 Dodging
 - Level 2.4 Stealth
 + Level 3.5 Spellcasting
 + Level 4.7 Summonings


You had 7 spell levels left.
You knew the following spells:

 Your Spells              Type           Power      Damage    Failure   Level
a - Summon Small Mammal   Summ           84%        N/A       1%          1

Your spell library contained the following spells:

 Spells                   Type           Power      Damage    Failure   Level
 Call Imp                 Summ           21%        N/A       3%          2
 Call Canine Familiar     Summ           21%        N/A       6%          3
 Summon Guardian Golem    Hex/Summ       12%        N/A       16%         3
 Summon Ice Beast         Ice/Summ       12%        N/A       47%         4
 Summon Lightning Spire   Summ/Air       12%        N/A       47%         4
 Summon Mana Viper        Hex/Summ       12%        N/A       83%         5
 Monstrous Menagerie      Summ           10%        N/A       100%        7


Dungeon Overview and Level Annotations

Branches:
Dungeon (1/15)

Altars:
Qazlal


Message History

Your quokka barely misses the gnoll.
The gnoll hits your quokka with a +0 spear!
Your quokka dies!
Your quokka's corpse disappears in a puff of smoke!
Casting: Summon Small Mammal (safe; 1% risk of failure)
Confirm with . or Enter, or press ? or * to list all spells.
The gnoll hits you from afar with a +0 spear!
The gnoll closely misses you.
Your quokka barely misses the gnoll.
The gnoll barely misses your quokka.
Your quokka bites the gnoll.
The gnoll hits your quokka with a +0 spear.
Your quokka barely misses the gnoll.
The gnoll hits your quokka with a +0 spear!
Your quokka dies!
Your quokka's corpse disappears in a puff of smoke!
Casting: Summon Small Mammal (safe; 1% risk of failure)
Confirm with . or Enter, or press ? or * to list all spells.
Your bat hits the gnoll but does no damage.
Casting: Summon Small Mammal (safe; 1% risk of failure)
Confirm with . or Enter, or press ? or * to list all spells.
Your bat closely misses the gnoll.
The gnoll closely misses you.
The gnoll hits your bat with a +0 spear!
Your bat dies!
Your bat's corpse disappears in a puff of smoke!
The kobold barely misses something.
The gnoll hits your quokka with a +0 spear!
Your quokka dies!
Your quokka's corpse disappears in a puff of smoke!
Casting: Summon Small Mammal (safe; 1% risk of failure)
Confirm with . or Enter, or press ? or * to list all spells.
You swap places.
Your quokka bites the gnoll.
The gnoll hits your quokka with a +0 spear!
Your quokka dies!
Your quokka's corpse disappears in a puff of smoke!
The gnoll shouts!
Casting: Summon Small Mammal (safe; 1% risk of failure)
Confirm with . or Enter, or press ? or * to list all spells.
The gnoll hits you from afar with a +0 spear.
You die...

#.## #.....#
#.#.## #.....#
#.###.###.....#
##.# ##.##.....#
#.# ##.#######
##.# ##.##
#.###.############
#.r#†....#K..g.Kl.
##@####.#>#
#...g...#.#
#..#K.....#
#....##.###
#..####.#
#.......#
#.......#
#########


You could see a gnoll (ally target), a kobold and a friendly rat (summoned).

Vanquished Creatures
  A quokka (D:1)
  4 bushes (D:1)
5 creatures vanquished.

Vanquished Creatures (collateral kills)
  A dart slug (D:1)
  A ball python (D:1)
  An endoplasm (D:1)
  A goblin (D:1)
  A hobgoblin (D:1)
  A quokka (D:1)
6 creatures vanquished.

Vanquished Creatures (others)
  6 plants (D:1)
6 creatures vanquished.

Grand Total: 17 creatures vanquished

Notes
Turn   | Place    | Note
-------+----------+-------------------------------------------
     0 | D:1      | Heoruswealwe the Deep Elf Summoner began the quest for the
                  | Orb.
     0 | D:1      | Reached XP level 1. HP: 10/10 MP: 6/6
    93 | D:1      | Found a faded altar of an unknown god.
    98 | D:1      | Prayed at the altar of an unknown god.
    98 | D:1      | Became a worshipper of Qazlal Stormbringer
    98 | D:1      | Reached * piety under Qazlal
  2002 | D:1      | Reached XP level 2. HP: 15/15 MP: 5/8
  2176 | D:1      | Slain by a gnoll

Illustrated notes

Levels and vault maps discovered:
D:1:      sevenhm_arrival_forest_fort_small_3, layout_loops_cross,
          shapermc_ecumenical_altar_mp_highgroup, hangedman_decor_riveting,
          minmay_misc_feat_plants

Action                   || total
-------------------------++-------
Melee: Dagger            ||  1727
       Punch             ||    33
       Unarmed           ||     1
 Cast: Summon Small Mamm ||    14
Armor: Robe              ||     1
Dodge: Dodged            ||     9
